 Dungeon Crawl Stone Soup version 0.26.1-11-gd32895ea62 (webtiles) character file.

Game seed: 13856730220143316725

72317 Ekaitz the Stormcaller (level 15, -6/90 HPs)
             Began as a Tengu Air Elementalist on July 18, 2021.
             Was a High Priest of Sif Muna.
             Hit by a large rock thrown by a stone giant (54 damage)
             ... on level 2 of the Orcish Mines.
             The game lasted 01:43:33 (26446 turns).

Ekaitz the Stormcaller (Tengu Air Elementalist)    Turns: 26446, Time: 01:43:34

Health: -6/90      AC:  9    Str:  9    XL:     15   Next: 39%
Magic:  15/30      EV: 19    Int: 31    God:    Sif Muna [*****.]
Gold:   1243       SH:  6    Dex: 23    Spells: 7/35 levels left

rFire    . . .     SeeInvis .   L - +3 morningstar (distort)
rCold    . . .     Faith    .   J - +0 buckler
rNeg     + . .     Spirit   .   i - +1 robe of Xayhil {+Blink rPois Regen+} (curse)
rPois    +         Reflect  .   y - +2 hat
rElec    .         Harm     .   a - +0 cloak
rCorr    .         Rampage  .   I - +2 pair of gloves {Dex+3}
Will     +....                  (boots unavailable)
Stlth    +++.......             v - amulet of magic regeneration
HPRegen  0.65/turn              D - +6 ring of intelligence
MPRegen  0.47/turn              n - ring of Efeturet {*Slow rN+ Int+5 Dex+4}

@: flying quickly and evasively, quick
A: beak, talons 3, able to fly
a: Stop Flying, Renounce Religion, Evoke Blink, Channel Magic, Forget Spell,
Divine Exegesis


You were on level 2 of the Orcish Mines.
You worshipped Sif Muna.
Sif Muna was extremely pleased with you.
You visited 3 branches of the dungeon, and saw 20 of its levels.
You also visited: Ossuary and Volcano.

You collected 1243 gold pieces.

Inventory:

Hand Weapons
 h - a +2 hunting sling of freezing
 z - the cursed +1 war axe "Jymaraoz" {drain, +Inv Will+ Str-3, unknown}
   (You found it on level 6 of the Lair of Beasts)

   A truly terrible weapon, it drains the life of those it strikes.
   It affects your strength (-3).
   It affects your willpower, your defense against some magical effects.
   It lets you turn invisible.
   It has a curse placed upon it.
 K - the +7 spear of Resonant Defence {vorpal, Int+3, unknown}
   (You found it on level 6 of the Lair of Beasts)

   It inflicts extra damage upon your enemies.
   It affects your intelligence (+3).
 L - a +3 morningstar of distortion (weapon)
 T - the +3 long sword of Ganath {flame, *Drain rElec rPois rF+++}
   (You found it on level 6 of the Lair of Beasts)

   It has been specially enchanted to burn those struck by it, causing extra
   injury to most foes and up to half again as much damage against particularly
   susceptible opponents.
   Big, fiery blades are also staple armaments of hydra-hunters.
   It renders you almost immune to fire.
   It insulates you from electricity.
   It protects you from poison.
   It causes draining when unequipped.
Missiles
 d - 83 poisoned darts (quivered)
 j - 3 datura-tipped darts
 m - 201 sling bullets
 W - 2 throwing nets
Armour
 a - a +0 cloak (worn)
 i - the cursed +1 robe of Xayhil (worn) {+Blink rPois Regen+}
   (You found it on level 6 of the Lair of Beasts)

   It protects you from poison.
   It lets you blink.
   It increases your rate of regeneration.
   It has a curse placed upon it.
 y - a +2 hat (worn)
 I - a +2 pair of gloves of dexterity (worn)
 J - a +0 buckler (worn)
Jewellery
 b - an uncursed ring of see invisible
 l - an uncursed ring of ice
 n - the ring of Efeturet (right hand) {*Slow rN+ Int+5 Dex+4}
   (You found it on level 2 of the Lair of Beasts)

   [ring of positive energy]

   It affects your intelligence (+5).
   It affects your dexterity (+4).
   It protects you from negative energy.
   It may slow you when you take damage.
 q - an uncursed amulet of reflection
 v - an amulet of magic regeneration (around neck)
 w - an uncursed ring of protection from cold
 B - the ring of Fefik {rPois rF+ Str+3}
   (You acquired it on level 10 of the Dungeon)

   [ring of protection from fire]

   It affects your strength (+3).
   It protects you from fire.
   It protects you from poison.
 D - a +6 ring of intelligence (left hand)
Wands
 e - a wand of flame (87)
 A - a wand of acid (6)
 H - a wand of disintegration (13)
 V - a wand of digging (4)
 Z - a wand of iceblast (18)
Scrolls
 f - 15 scrolls of teleportation
 g - 12 scrolls of remove curse
 k - 4 scrolls of fog
 p - 6 scrolls of fear
 x - 4 scrolls of immolation
 E - 9 scrolls of blinking
 R - 3 scrolls of magic mapping
 U - a scroll of acquirement
Potions
 c - 2 potions of brilliance
 o - 10 potions of heal wounds
 r - 2 potions of magic
 s - 4 potions of invisibility
 t - a potion of ambrosia
 u - 6 potions of curing
 C - 3 potions of haste
 F - 3 potions of cancellation
 M - 2 potions of mutation
 O - a potion of might
 P - 5 potions of berserk rage
Miscellaneous
 S - a box of beasts


   Skills:
 * Level 9.0 Fighting
 - Level 0.5(1.2) Short Blades
 + Level 1.6(1.7) Long Blades
 + Level 5.0 Maces & Flails
 - Level 1.0 Polearms
 + Level 0.5(0.6) Slings
 + Level 0.1(0.3) Throwing
 + Level 4.9 Dodging
 + Level 4.3 Stealth
 + Level 4.8 Shields
 + Level 2.0 Unarmed Combat
 + Level 10.7 Spellcasting
 + Level 11.2 Conjurations
 * Level 10.3 Summonings
 * Level 4.1 Ice Magic
 + Level 15.3 Air Magic
 + Level 8.0 Invocations
 * Level 4.0 Evocations


You had 7 spell levels left.
You knew the following spells:

 Your Spells              Type           Power        Failure   Level
a - Shock                 Conj/Air       100%         0%          1
b - Swiftness             Air            84%          0%          2
c - Static Discharge      Conj/Air       78%          1%          3
d - Airstrike             Air            42%          1%          4
e - Lightning Bolt        Conj/Air       39%          1%          5
f - Call Canine Familiar  Summ           69%          1%          3
g - Summon Lightning Spi  Summ/Air       77%          1%          4
h - Freezing Cloud        Conj/Ice/Air   34%          7%          6

Your spell library contained the following spells:

 Spells                   Type           Power        Failure   Level
 Foxfire                  Conj/Fire      100%         1%          1
 Magic Dart               Conj           100%         1%          1
 Summon Small Mammal      Summ           100%         1%          1
 Call Imp                 Summ           69%          1%          2
 Ensorcelled Hibernation  Hex/Ice        58%          1%          2
 Dazzling Flash           Conj/Hex       100%         1%          3
 Stone Arrow              Conj/Erth      100%         1%          3
 Summon Guardian Golem    Hex/Summ       48%          1%          3
 Summon Ice Beast         Ice/Summ       57%          1%          4
 Summon Demon             Summ           34%          1%          5
 Conjure Ball Lightning   Conj/Air       39%          1%          6
 Animate Skeleton         Necr           32%          3%          1
 Apportation              Tloc           32%          3%          1
 Corona                   Hex            17%          3%          1
 Sandblast                Erth           32%          3%          1
 Fulminant Prism          Conj/Hex       25%          3%          4
 Sticky Flame             Conj/Fire      50%          3%          4
 Passwall                 Tmut/Erth      13%          4%          2
 Slow                     Hex            16%          4%          2
 Shadow Creatures         Summ           N/A          7%          6
 Confusing Touch          Hex            16%          9%          3
 Ignite Poison            Fire/Tmut/Pois 16%          9%          3
 Inner Flame              Hex/Fire       16%          9%          3
 Portal Projectile        Hex/Tloc       32%          9%          3
 Tukima's Dance           Hex            16%          9%          3
 Fireball                 Conj/Fire      25%          9%          5
 Irradiate                Conj/Tmut      25%          9%          5
 Summon Forest            Summ/Tloc      24%          10%         5
 Ice Form                 Ice/Tmut       29%          13%         4
 Orb of Destruction       Conj           36%          26%         7
 Animate Dead             Necr           8%           30%         4
 Cause Fear               Hex            8%           30%         4
 Leda's Liquefaction      Hex/Erth       8%           30%         4
 Petrify                  Tmut/Erth      16%          30%         4
 Summon Greater Demon     Summ           34%          36%         7
 Iron Shot                Conj/Erth      25%          43%         6
 Starburst                Conj/Fire      25%          43%         6
 Borgnjor's Vile Clutch   Necr/Erth      8%           63%         5
 Lee's Rapid Deconstruct  Erth           8%           63%         5
 Simulacrum               Ice/Necr       14%          89%         6
 Death Channel            Necr           8%           99%         6
 Chain Lightning          Conj/Air       39%          65%         8
 Ignition                 Fire           8%           100%        8
 Lehudib's Crystal Spear  Conj/Erth      25%          100%        8
 Dragon's Call            Summ           34%          100%        9


Dungeon Overview and Level Annotations

Branches:
Dungeon (12/15)            Temple (0/1) D:4            Lair (6/6) D:8
  Swamp (0/4) Lair:3       Spider (0/4) Lair:4        Slime (0/5) Lair:6
    Orc (2/2) D:11            Elf (0/3) Orc:2       Ossuary (visited)
Volcano (visited)

Altars:
Cheibriados
Elyvilon
Fedhas
Gozag
Kikubaaqudgha
Makhleb
Nemelex Xobeh
Qazlal
Ru
Sif Muna
Trog
Uskayaw
Vehumet
Zin
The Shining One

Annotations:
D:3 Sigmund
D:8 2 transporters, jimbles's ghost, novice HOFi
Lair:6 2 transporters, Dillybarz's ghost, journeyman VSBr


Innate Abilities, Weirdness & Mutations

You have a beak for a mouth.
You have claws for feet.
You can fly continuously.


Message History

Unknown command.
The stone giant throws a large rock.
The large rock hits you! The orc hits you but does no damage.
You see here a large rock.
Unknown command.
You puncture the orc!
You kill the orc!
Sif Muna accepts your kill.
The stone giant throws a large rock.
The large rock closely misses you.
Unknown command.
You feel less confused.
The orc wizard points at you and mumbles some strange words.
You block the puff of flame.
Unknown command.
You thump the orc!
You kill the orc!
Sif Muna accepts your kill.
The stone giant throws a large rock.
The large rock hits you!!!
Ouch! That really hurt!
You die...

.........#.......
.......$.........
...........$.....
.................
<.........$......
.........<.......
...........C.....
......$..........
......)@.#.......
.....§)((....<...
..§§§§§o.........
..○§§§........)..
..§§§§§.......#..
..............#
................
..............$.
................


You could see a stone giant and an orc wizard (fast).

Vanquished Creatures
  The ghost of Sirue the Impaler, a journeyman MfWr of Okawaru (Lair:2)
  Snorg (Lair:4)
  Harold (D:7)
  6 hydras
  2 two-headed ogres
  12 death yaks (Lair:6)
  2 lindwurms (Volcano)
  2 ugly things
  2 elephants
  3 oklob plants
  Joseph (D:10)
  A centaur skeleton (D:12)
  4 molten gargoyles (Volcano)
  A gargoyle (D:12)
  A black mamba (Lair:1)
  A torpor snail (Lair:5)
  21 cane toads
  A rime drake (Lair:1)
  2 efreet (Volcano)
  2 komodo dragons
  A freezing wraith (D:12)
  3 trolls
  5 tyrant leeches (Lair:6)
  A hornet (D:11)
  Grinder (D:4)
  21 blink frogs
  4 dream sheep (Lair:5)
  A wraith (D:12)
  3 fire bats (Lair:1)
  5 fire elementals (Volcano)
  16 yaks
  2 wyverns (Lair:2)
  3 basilisks
  A warg (Orc:1)
  Menkaure (D:4)
  6 vampire mosquitoes (Lair:6)
  8 water moccasins
  7 orc warriors
  3 sky beasts
  4 black bears
  3 ice beasts
  4 phantoms
  A necrophage (D:5)
  16 wolves
  2 ogres
  8 centaurs
  A big kobold (D:9)
  20 bullfrogs
  2 earth elementals (Volcano)
  A gnoll sergeant (D:5)
  A water moccasin zombie (D:7)
  A water moccasin skeleton (D:10)
  3 scorpions
  9 killer bees
  4 wights (D:11)
  9 howler monkeys
  3 electric eels (D:8)
  4 centaur zombies
  A lava snake (D:11)
  3 quasits
  7 orc wizards
  Crazy Yiuf (D:7)
  7 orc priests
  8 hounds
  A jelly (D:11)
  Terence (D:3)
  A hell rat (Lair:5)
  4 iguanas
  9 worker ants
  2 hound skeletons
  2 hound zombies (Ossuary)
  14 mummies (Ossuary)
  A howler monkey zombie (D:9)
  A worker ant zombie (Ossuary)
  Robin (D:3)
  12 gnolls
  7 adders
  4 river rats (Lair:5)
  A shadow imp (D:7)
  6 white imps
  2 ufetubi
  4 adder zombies
  4 worms
  4 dart slugs
  4 leopard geckos
  42 orcs
  6 giant cockroaches
  13 goblins
  14 hobgoblins
  8 jackals
  8 quokkas
  5 bats
  9 frilled lizards
  A jackal zombie (Ossuary)
  10 kobolds
  A leopard gecko skeleton (D:4)
  A leopard gecko zombie (Ossuary)
  A quokka skeleton (D:8)
  2 quokka zombies
  13 rats
  2 fire vortices (Volcano)
503 creatures vanquished.

Vanquished Creatures (collateral kills)
  An ice dragon (Lair:4)
  A hydra (Lair:6)
  An oklob plant (Lair:4)
  6 elephants
  8 cane toads
  A rime drake (Lair:5)
  3 komodo dragons
  4 blink frogs (Lair:5)
  14 yaks
  2 wolves (Lair:2)
  2 ogres
  4 bullfrogs
  2 killer bees (D:10)
  A hound (D:10)
  A hell rat (Lair:5)
  7 river rats (Lair:5)
  A jackal (D:9)
  A quokka (D:9)
  A rat (Lair:5)
  A butterfly (Lair:2)
62 creatures vanquished.

Vanquished Creatures (others)
  A fire vortex (Volcano)
  44 fungi
  157 plants
  12 withered plants (Ossuary)
214 creatures vanquished.

Grand Total: 779 creatures vanquished

Notes
Turn   | Place    | Note
-------+----------+-------------------------------------------
     0 | D:1      | Ekaitz the Tengu Air Elementalist began the quest for the
                  | Orb.
     0 | D:1      | Reached XP level 1. HP: 10/10 MP: 4/4
   107 | D:1      | Reached XP level 2. HP: 15/15 MP: 0/6
   110 | D:1      | Learned a level 2 spell: Swiftness
   472 | D:1      | Reached skill level 5 in Air Magic
   623 | D:1      | Reached XP level 3. HP: 8/19 MP: 0/7
   627 | D:1      | Learned a level 3 spell: Static Discharge
  1499 | D:2      | Reached XP level 4. HP: 20/24 MP: 1/8
  1996 | D:3      | Found a shimmering blue altar of Sif Muna.
  2122 | D:3      | Became a worshipper of Sif Muna the Loreminder
  2146 | D:3      | Reached skill level 6 in Air Magic
  2163 | D:3      | Gained mutation: You can fly continuously. [Tengu growth]
  2163 | D:3      | Reached XP level 5. HP: 28/28 MP: 5/9
  2211 | D:3      | Noticed Robin
  2239 | D:3      | Killed Robin
  2286 | D:3      | Reached * piety under Sif Muna
  2330 | D:3      | Noticed Terence
  2349 | D:3      | Killed Terence
  2800 | D:3      | Reached skill level 1 in Fighting
  2800 | D:3      | Reached XP level 6. HP: 30/34 MP: 5/11
  2805 | D:3      | Learned a level 4 spell: Airstrike
  3023 | D:3      | Noticed Sigmund
  3231 | D:3      | Found a sacrificial altar of Ru.
  3307 | D:3      | Found a radiant altar of Vehumet.
  3767 | D:4      | Noticed Grinder
  3772 | D:4      | Killed Grinder
  3773 | D:4      | Reached skill level 7 in Air Magic
  3773 | D:4      | Reached skill level 1 in Invocations
  3773 | D:4      | Reached skill level 1 in Evocations
  3773 | D:4      | Reached XP level 7. HP: 34/38 MP: 0/12
  3936 | D:4      | Noticed Menkaure
  3944 | D:4      | Killed Menkaure
  4013 | D:4      | Found a sparkling altar of Nemelex Xobeh.
  4063 | D:4      | Found a snail-covered altar of Cheibriados.
  4124 | D:4      | Found a staircase to the Ecumenical Temple.
  4130 | D:4      | Found a sand-covered staircase.
  4136 | D:4      | Reached ** piety under Sif Muna
  4147 | Ossuary  | Entered an ossuary
  4282 | Ossuary  | Reached XP level 8. HP: 25/44 MP: 9/14
  4482 | Ossuary  | Reached skill level 8 in Air Magic
  4519 | Ossuary  | Reached skill level 5 in Conjurations
  5215 | D:5      | Entered Level 5 of the Dungeon
  5260 | D:5      | Learned a level 5 spell: Lightning Bolt
  5825 | D:5      | Reached skill level 9 in Air Magic
  5866 | D:5      | Found a blossoming altar of Fedhas.
  6158 | D:5      | Reached skill level 1 in Shields
  6345 | D:5      | Reached XP level 9. HP: 49/49 MP: 12/17
  6569 | D:6      | Reached *** piety under Sif Muna
  6990 | D:6      | Learned a level 2 spell: Call Imp
  7395 | D:7      | Reached skill level 5 in Spellcasting
  7395 | D:7      | Reached skill level 10 in Air Magic
  7722 | D:7      | Reached skill level 1 in Summonings
  7884 | D:7      | Found a white marble altar of Elyvilon.
  7989 | D:7      | Found a hide-covered altar of Uskayaw.
  8215 | D:7      | Noticed Harold
  8263 | D:7      | Killed Harold
  8264 | D:7      | Reached skill level 11 in Air Magic
  8264 | D:7      | Reached XP level 10. HP: 31/56 MP: 1/20
  8451 | D:7      | Identified the +2 robe of True Grit {*Corrode +Fly Regen+
                  | SInv} (You found it on level 7 of the Dungeon)
  8531 | D:7      | Found a runed translucent door.
  8534 | D:7      | Noticed Crazy Yiuf
  8541 | D:7      | Killed Crazy Yiuf
  8763 | D:7      | Found a stormy altar of Qazlal.
  8764 | D:7      | Found a glowing golden altar of the Shining One.
  8769 | D:7      | Found an ancient bone altar of Kikubaaqudgha.
  8965 | D:7      | Learned a level 3 spell: Call Canine Familiar
  9425 | D:8      | Reached **** piety under Sif Muna
  9623 | D:8      | Found a transporter.
  9627 | D:8      | Found a transporter.
  9628 | D:8      | Noticed jimbles's ghost (novice HOFi)
 10471 | D:8      | Found a staircase to the Lair.
 10492 | D:8      | Reached skill level 5 in Invocations
 10649 | D:8      | Identified the cursed +1 flail of Infinite Pain {vorpal,
                  | rElec}
 11190 | D:9      | Found an opulent altar of Gozag.
 11629 | D:9      | Found a burning altar of Makhleb.
 11927 | D:10     | Entered Level 10 of the Dungeon
 12019 | D:10     | Reached skill level 1 in Maces & Flails
 12141 | D:10     | Noticed a two-headed ogre
 12210 | D:10     | Found a blossoming altar of Fedhas.
 12218 | D:10     | Killed a two-headed ogre
 12219 | D:10     | Reached XP level 11. HP: 62/62 MP: 4/22
 12804 | D:10     | Noticed Joseph
 12808 | D:10     | Killed Joseph
 12817 | D:10     | Identified 2 scrolls of acquirement
 12817 | D:10     | Acquired the ring of Fefik {rPois rF+ Str+3}
 13360 | D:11     | Found a staircase to the Orcish Mines.
 13371 | D:11     | Reached skill level 5 in Summonings
 13438 | D:11     | Noticed a five-headed hydra
 13445 | D:11     | Killed a five-headed hydra
 13446 | D:11     | Reached skill level 12 in Air Magic
 13684 | D:11     | Noticed a green ugly thing
 13699 | D:11     | Reached ***** piety under Sif Muna
 13712 | D:11     | Killed a green ugly thing
 13788 | D:11     | Identified Kudukihu's Catalogue of Congealing Ignition (Sif
                  | Muna gifted it to you on level 11 of the Dungeon)
 13788 | D:11     | Received a gift from Sif Muna
 14610 | D:12     | Noticed a red ugly thing
 14618 | D:12     | Killed a red ugly thing
 14619 | D:12     | Reached skill level 5 in Fighting
 14945 | D:12     | Noticed a death knight
 14957 | D:12     | Noticed a two-headed ogre
 14964 | D:12     | Killed a two-headed ogre
 14995 | D:12     | Noticed a skeletal warrior
 15598 | Lair:1   | Entered Level 1 of the Lair of Beasts
 15635 | Lair:1   | Reached XP level 12. HP: 69/69 MP: 0/24
 15678 | Lair:1   | Found a dark tunnel.
 15759 | Volcano  | Entered a volcano
 16364 | Volcano  | Reached skill level 13 in Air Magic
 17038 | Lair:1   | Identified Ereshkigal's Incunabulum of Arcane Weapons (Sif
                  | Muna gifted it to you on level 1 of the Lair of Beasts)
 17038 | Lair:1   | Received a gift from Sif Muna
 17058 | Lair:1   | Learned a level 4 spell: Summon Lightning Spire
 18490 | Lair:2   | Reached skill level 10 in Conjurations
 19233 | Lair:2   | Found a large runed translucent door.
 19233 | Lair:2   | Found a large runed translucent door.
 19237 | Lair:2   | Noticed Sirue's ghost (journeyman MfWr)
 19266 | Lair:2   | Reached XP level 13. HP: 76/76 MP: 12/26
 19266 | Lair:2   | Reached skill level 1 in Long Blades
 19266 | Lair:2   | Reached XP level 14. HP: 82/82 MP: 12/28
 19754 | Lair:2   | Killed Sirue's ghost
 19769 | Lair:2   | Got a twitching iron ring
 19770 | Lair:2   | Identified the ring of Efeturet {*Slow rN+ Int+5 Dex+4}
                  | (You found it on level 2 of the Lair of Beasts)
 20141 | Lair:3   | Found a staircase to the Swamp.
 20675 | Lair:3   | Reached skill level 14 in Air Magic
 21175 | Lair:4   | Found a hole to the Spider Nest.
 21234 | Lair:4   | Reached skill level 1 in Polearms
 21475 | Lair:4   | Noticed Snorg
 21485 | Lair:4   | Learned a level 6 spell: Freezing Cloud
 21493 | Lair:4   | Killed Snorg
 21567 | Lair:4   | Found a glowing silver altar of Zin.
 21663 | Lair:4   | Reached skill level 1 in Ice Magic
 21663 | Lair:4   | Identified Sif Muna's Collected Works on Attacks and
                  | Summoning (Sif Muna gifted it to you on level 4 of the Lair
                  | of Beasts)
 21663 | Lair:4   | Received a gift from Sif Muna
 21831 | Lair:4   | Identified the +1 robe of the Planets {rPois rF+ Dex-5}
                  | (You found it on level 4 of the Lair of Beasts)
 21948 | Lair:4   | Found the +5 robe of Misfortune {*Contam Harm *Corrode
                  | *Drain *Slow EV+5}
 23276 | Lair:6   | Entered Level 6 of the Lair of Beasts
 23298 | Lair:6   | Got an ichor-stained long sword
 23787 | Lair:6   | Reached skill level 10 in Spellcasting
 23847 | Lair:6   | Got a brightly glowing spear
 23922 | Lair:6   | Reached skill level 5 in Maces & Flails
 23957 | Lair:6   | Got an ancient long sword
 24131 | Lair:6   | Reached XP level 15. HP: 89/89 MP: 5/30
 24139 | Lair:6   | Identified Sif Muna's Grimoire of Ashen Companions (Sif
                  | Muna gifted it to you on level 6 of the Lair of Beasts)
 24139 | Lair:6   | Received a gift from Sif Muna
 24235 | Lair:6   | Found a staircase to the Slime Pits.
 24629 | Lair:6   | Reached skill level 15 in Air Magic
 24849 | Lair:6   | Identified the +6 spear "Sehoxtou" {flame, Int+3 Dex+5}
 24851 | Lair:6   | Noticed Dillybarz's ghost (journeyman VSBr)
 24854 | Lair:6   | Identified the +6 trident of Depsug {flame, rC- Will+
                  | Stlth+}
 24878 | Lair:6   | Found a bloodstained altar of Trog.
 24891 | Lair:6   | Found a transporter.
 24903 | Lair:6   | Found a transporter.
 25030 | Lair:6   | Reached skill level 10 in Summonings
 25177 | Lair:6   | Identified the cursed +2 long sword of Jialer {freeze,
                  | rElec rF+ Dex+3} (You found it on level 6 of the Lair of
                  | Beasts)
 25180 | Lair:6   | Identified the +3 long sword of Ganath {flame, *Drain rElec
                  | rPois rF+++} (You found it on level 6 of the Lair of
                  | Beasts)
 25196 | Lair:6   | Got a twisted robe
 25206 | Lair:6   | Identified the cursed +1 robe of Xayhil {+Blink rPois
                  | Regen+} (You found it on level 6 of the Lair of Beasts)
 25209 | Lair:6   | Got a pitted war axe
 25854 | Lair:6   | HP: 4/90 [acid (10)]
 26280 | Orc:1    | Entered Level 1 of the Orcish Mines
 26426 | Orc:2    | Entered Level 2 of the Orcish Mines
 26426 | Orc:2    | Found a staircase to the Elven Halls.
 26446 | Orc:2    | Hit by a large rock thrown by a stone giant

Illustrated notes

Levels and vault maps discovered:
D:1:      ncdulo_lavacross, layout_rooms
D:2:      layout_basic, st_stairs_12, nrook_uturn
D:3:      layout_basic, nicolae_overflow_crystal_walls,
          nicolae_ru_the_path_less_chosen, lemuel_round_altar, uniq_sigmund,
          uniq_terence, uniq_robin
D:4:      layout_gridville, kennysheep_slug_shrine,
          minmay_temple_entry_drinking_statues, nicolae_ossuary_entry_ruins,
          chequers_mini_garden, nemelex_xobeh_ov_fountains_minmay,
          uniq_menkaure, uniq_grinder
D:5:      layout_loops_cross, fedhas_altar_1
D:6:      layout_basic, serial_rivers, chequers_serial_rivers_micro_c,
          chequers_serial_rivers_marsh, chequers_serial_rivers_small_b,
          chequers_serial_rivers_small_3
D:7:      minmay_octagon_keep, layout_loops_cross, kennysheep_mini,
          lemuel_doored_altar, minitemple, uniq_harold, uniq_crazy_yiuf_cottage
D:8:      layout_basic, erik_lair_island, gammafunk_ghost_hive
D:9:      layout_basic, lemuel_crystal_altar, old_standard_altar
D:10:     layout_gridville, basic_altar, uniq_joseph
D:11:     layout_stronghold, orc_0_dummy, chequers_decorated_corner,
          kennysheep_dice
D:12:     layout_basic
Lair:1:   layout_cellular_growth, nicolae_volcano_entry_batcave,
          grunt_megastairs_4
Lair:2:   layout_loops_ring, ebering_ghost_disaster_area, lemuel_fruit_fields
Lair:3:   layout_long_grid, swamp_mist, chequers_serial_rivers_marsh
Lair:4:   layout_long_grid, spider_nest_entry_web_field, basic_altar,
          bobbens_ice_dragon_lair, minmay_lair_oklob_chamber,
          grunt_megastairs_3, uniq_snorg
Lair:5:   layout_big_grid, kennysheep_rathole
Lair:6:   minmay_lair_end_frog_pond, layout_cave_pods,
          minmay_slime_entry_oklob_enclosed, gammafunk_ghost_wrathful_warriors
Orc:1:    layout_diamond_mine
Orc:2:    grunt_orc_gardens, layout_caves, grunt_orc_garden, grunt_orc_garden,
          grunt_orc_garden, grunt_orc_garden, ebering_ghost_xom, mines1_david

Skill      XL: |  1  2  3  4  5  6  7  8  9 10 11 12 13 14 15 |
---------------+----------------------------------------------+-----
Air Magic      | 5 6 7 9 11 12 13 14 15 | 15.3
Conjurations   | 2 4 5 6 8 9 10 11 | 11.2
Fighting       | 1 2 3 4 5 6 7 8 9 |  9.0
Spellcasting   | 3 4 6 7 8 9 10 | 10.7
Invocations    | 1 2 3 4 5 6 7 8 |  8.0
Evocations     | 1 2 3 4 |  4.0
Shields        | 1 2 4 |  4.8
Stealth        | 3 4 |  4.3
Summonings     | 2 4 6 7 8 9 10 | 10.3
Maces & Flails | 1 2 3 5 |  5.0
Dodging        | 3 4 |  4.9
Long Blades    | 1 |  1.6
Unarmed Combat | 2 |  2.0
Polearms       | 1 |  1.0
Ice Magic      | 3 4 |  4.1
Short Blades   | |  0.5
Slings         | |  0.5
Throwing       | |  0.1

Action                   |  1- 3 |  4- 6 |  7- 9 | 10-12 | 13-15 || total
-------------------------+-------+-------+-------+-------+-------++-------
Melee: Short sword       |    13 |    14 |       |       |       ||    27
       Kick              |     5 |     1 |     7 |    68 |    42 ||   123
       Unarmed           |     1 |       |       |       |       ||     1
       Peck              |       |     1 |    10 |    47 |    27 ||    85
       Dagger            |       |     2 |    17 |       |       ||    19
       Spear             |       |       |    25 |    55 |       ||    80
       Mace              |       |       |       |   116 |       ||   116
       Flail             |       |       |       |    61 |       ||    61
       Long sword        |       |       |       |    20 |       ||    20
       Morningstar       |       |       |       |       |   153 ||   153
 Fire: Hunting sling     |       |       |       |     4 |       ||     4
Throw: Dart              |       |       |     4 |       |     1 ||     5
 Cast: Shock             |    73 |    92 |   117 |    72 |    24 ||   378
       Static Discharge  |     1 |     3 |     4 |    12 |     8 ||    28
       Airstrike         |       |     7 |    68 |   225 |   188 ||   488
       Call Imp          |       |       |     3 |     5 |     4 ||    12
       Call Canine Famil |       |       |       |    13 |    12 ||    25
       Summon Lightning  |       |       |       |    11 |    22 ||    33
       Freezing Cloud    |       |       |       |       |    27 ||    27
       Swiftness         |       |       |       |       |     1 ||     1
Invok: Channel Magic     |       |       |       |       |     1 ||     1
 Abil: Fly               |       |     1 |       |       |       ||     1
Evoke: Wand              |       |       |       |     3 |       ||     3
  Use: Scroll            |       |       |       |    33 |     7 ||    40
       Potion            |       |       |       |     1 |     2 ||     3
 Stab: Distracted        |     1 |       |       |     3 |     5 ||     9
       Sleeping          |     2 |     2 |     3 |     2 |     2 ||    11
Armor: Robe              |     3 |     2 |    15 |    61 |    30 ||   111
Dodge: Dodged            |    23 |    17 |    67 |   213 |   119 ||   439
Block: Other             |     1 |     1 |     9 |    27 |       ||    38
       Reflection        |       |     1 |     2 |     3 |       ||     6
       Buckler           |       |       |       |    96 |    71 ||   167
       Rpst.: Long sword |       |       |       |     6 |       ||     6
